 Dungeon Crawl Stone Soup version 0.12.2-14-g7c90c79 (webtiles) character file.

371 Gabry the Skirmisher (level 4, -4/40 HPs)
             Began as a Minotaur Fighter on Aug 5, 2013.
             Slain by an ogre
             ... wielding a +0,+0 giant club
              (18 damage)
             ... on Level 4 of the Dungeon.
             The game lasted 00:21:53 (2120 turns).

Gabry the Skirmisher (Minotaur Fighter)             Turns: 2120, Time: 00:21:53

HP  -4/40        AC  7     Str 21      XL: 4   Next: 82%
MP   1/1         EV  6     Int  5      God:
Gold 246         SH 19     Dex 10      Spells:  0 memorised,  3 levels left

Res.Fire  : + . .   See Invis. : .   f - +3,+1 hand axe (flame)
Res.Cold  : . . .   Warding    : .   b - +0 scale mail
Life Prot.: . . .   Conserve   : .   c - +0 shield
Res.Poison: .       Res.Corr.  : .   (helmet restricted)
Res.Elec. : .       Clarity    : .   (no cloak)
Sust.Abil.: . .     Spirit.Shd : .   (no gloves)
Res.Mut.  : .       Stasis     : .   (no boots)
Res.Rott. : .       Ctrl.Telep.: .   (no amulet)
Saprovore : . . .   Flight     : .   (no ring)
                                     A - ring of protection from fire

@: slightly resistant to hostile enchantments, extremely unstealthy
A: retaliatory headbutt, horns 2
a: no special abilities


You were on level 4 of the Dungeon.
You were not hungry.

You visited 1 branch of the dungeon, and saw 4 of its levels.

You collected 226 gold pieces.

Inventory:

Hand weapons
 e - a +1,+1 spear
 f - a +3,+1 hand axe of flaming (weapon)
 i - a +2,+3 hand axe
 m - a +0,+1 dagger
 B - a +1,+0 spear of returning (quivered)
Armour
 b - a +0 scale mail (worn)
 c - a +0 shield (worn)
Magical devices
 y - a wand of random effects (11) {unknown}
Comestibles
 d - 3 bread rations
 g - a choko
Scrolls
 o - a scroll of curse armour {unknown}
 p - a scroll of identify
 q - 3 scrolls of blinking
 s - 3 scrolls of enchant armour {unknown}
 t - a scroll of noise {unknown}
 w - a scroll of fear {unknown}
Jewellery
 h - an uncursed ring of regeneration
 A - a ring of protection from fire (left hand)
 F - an uncursed ring of protection from cold
Potions
 a - a potion of speed {unknown}
 k - a potion of curing
 r - a potion of magic {unknown}
 u - a potion of restore abilities {unknown}
 v - a potion of heal wounds {unknown}
 z - a potion of resistance {unknown}


   Skills:
 + Level 4.8 Fighting
 + Level 2.6 Axes
   Level 2.4 Maces & Flails
 + Level 4.3 Armour
 + Level 0.9 Dodging
 + Level 0.5 Stealth
 + Level 4.4 Shields
 + Level 0.4 Traps


You had 3 spell levels left.
You didn't know any spells.

Dungeon Overview and Level Annotations

Branches:
Dungeon (4/27)
 Temple: D:4-7

Altars:
Ashenzari
Cheibriados
Kikubaaqudgha
Trog
Zin

Shops:
D:4: *


Innate Abilities, Weirdness & Mutations

You reflexively headbutt those who attack you in melee.
You have a pair of horns on your head.


Message History

The goblin is heavily wounded.
The goblin hits you but does no damage.
You hit the goblin. You burn the goblin.
You kill the goblin!
Things that are here:
a club; a goblin corpse
Found 25 darts.
An ogre comes into view. It is wielding a giant club.
The ogre shouts!
There is a stone staircase leading up here.
Found a choko.
You hit the ogre. You burn the ogre. You headbutt the ogre.
The ogre is moderately wounded.
The ogre hits you with a giant club!
Ouch! That really hurt!
* * * LOW HITPOINT WARNING * * *
You see here a scorpion corpse.
There is a shattered altar of Ashenzari here.
The ogre hits you with a giant club!
You die...

##...>.......#.#..
##............###..
#..###........# #..
#.##⌠##.%.....###..
#..#_#.............
###............####.
#...........#### #.
#..O.∩.........# #.
#..@....#......####.
##......#...........
##.....#......####.
#####.#...........
#.#......#....
##'#..........#
#...))........#
#.............#
####.............#


You could see an ogre.

Vanquished Creatures
  A scorpion (D:4)
  3 adders
  A worm (D:3)
  A bat skeleton (D:4)
  An ooze (D:1)
  3 orcs
  2 giant cockroaches
  7 hobgoblins
  3 jackals (D:2)
  2 quokkas (D:4)
  10 bats
  A giant gecko (D:3)
  4 giant newts
  12 goblins
  7 kobolds
  8 rats
66 creatures vanquished.

Vanquished Creatures (others)
  A jackal (D:2)
1 creature vanquished.

Grand Total: 67 creatures vanquished

Notes
Turn   | Place    | Note
--------------------------------------------------------------
     0 | D:1      | Gabry, the Minotaur Fighter, began the quest for the Orb.
     0 | D:1      | Reached XP level 1. HP: 19/19 MP: 0/0
   224 | D:1      | Reached skill level 4 in Fighting
   228 | D:1      | Reached XP level 2. HP: 27/27 MP: 0/0
   611 | D:2      | Reached XP level 3. HP: 29/33 MP: 1/1
   671 | D:2      | Found a bloodstained altar of Trog.
  1063 | D:2      | Reached skill level 1 in Axes
  1141 | D:3      | Reached XP level 4. HP: 27/40 MP: 1/1
  1308 | D:3      | Found an ancient bone altar of Kikubaaqudgha.
  1900 | D:4      | Found Zin's Purification Station.
  1929 | D:4      | Found a glowing silver altar of Zin.
  1949 | D:4      | Found a shattered altar of Ashenzari.
  2036 | D:4      | Found a snail-covered altar of Cheibriados.
  2062 | D:4      | Noticed an ogre
  2120 | D:4      | Slain by an ogre

Action                   |  1- 3 |  4- 6 || total
-------------------------+-------+-------++-------
Melee: Hand axe          |    67 |    66 ||   133
       Mace              |     4 |       ||     4
  Use: Scroll            |     5 |     7 ||    12
       Potion            |     1 |     1 ||     2
